 Dungeon Crawl Stone Soup version 0.25-a0-365-g7600c65aa0 (webtiles) character file.

Game seed: 16983865414740906628, levelgen mode: deterministic

1880 night the Fighter (level 9, -3/98 HPs)
             Began as an Ogre Monk on Jan 5, 2020.
             Was an Elder of Okawaru.
             Slain by a spriggan baker
             ... wielding a +0 dagger
              (4 damage)
             ... on level 7 of the Dungeon.
             The game lasted 00:17:10 (7824 turns).

night the Fighter (Ogre Monk)                       Turns: 7824, Time: 00:17:10

Health: -3/98      AC:  4    Str: 19    XL:     9   Next: 14%
Magic:  9/9        EV: 10    Int: 17    God:    Okawaru [****..]
Gold:   280        SH:  0    Dex: 11    Spells: 8/8 levels left

rFire    . . .     SeeInvis .   a - +0 mace
rCold    . . .     Gourm    .   (no shield)
rNeg     + . .     Faith    +   b - +0 robe
rPois    .         Spirit   .   (helmet restricted)
rElec    .         Reflect  .   t - +0 cloak (curse)
rCorr    +         Harm     .   (gloves unavailable)
MR       .....                  (boots unavailable)
Stlth    ++........             s - amulet of faith
HPRegen  0.26/turn              w - ring of resist corrosion
MPRegen  0.11/turn              D - ring of positive energy

@: brilliant
A: large, unfitting armour, tough skin 1
a: Heroism, Renounce Religion


You were on level 7 of the Dungeon.
You worshipped Okawaru.
Okawaru was greatly pleased with you.
You were not hungry.

You visited 1 branch of the dungeon, and saw 7 of its levels.

You collected 280 gold pieces.

Inventory:

Hand Weapons
 a - a +0 mace (weapon)
Missiles
 d - 3 javelins (quivered)
 f - 9 boomerangs
 g - 116 stones
 n - 33 sling bullets
 q - 7 poisoned darts
 u - 3 silver javelins
 E - 4 silver boomerangs
Armour
 b - a +0 robe (worn)
 t - a cursed +0 cloak (worn)
Jewellery
 s - an amulet of faith (around neck)
 w - a ring of resist corrosion (left hand)
 D - a ring of positive energy (right hand)
Wands
 v - a wand of polymorph (9)
 A - a wand of iceblast (9)
Scrolls
 e - a scroll of magic mapping {unknown}
 h - a scroll of fear {unknown}
 i - 8 scrolls of identify {unknown}
 j - 2 scrolls of teleportation {unknown}
 p - a scroll of enchant armour {unknown}
 r - a scroll of blinking {unknown}
 x - a scroll of amnesia {unknown}
 y - a scroll of enchant weapon {unknown}
 F - a scroll of remove curse {unknown}
 J - a scroll of fog {unknown}
Potions
 k - a potion of curing
 l - a potion of ambrosia {unknown}
 m - a potion of brilliance
 o - a potion of lignification {unknown}
 z - 2 potions of flight {unknown}
 B - 3 potions of mutation {unknown}
 C - a potion of agility {unknown}
 G - 2 potions of haste {unknown}
Comestibles
 c - 8 rations
 I - 2 chunks of flesh


   Skills:
 + Level 9.0 Fighting
 * Level 8.0 Maces & Flails
 + Level 5.2 Throwing
 - Level 2.6 Dodging
 - Level 1.4 Stealth


You had 8 spell levels left.
You didn't know any spells.
Your spell library was empty.

Dungeon Overview and Level Annotations

Branches:
Dungeon (7/15)             Temple (0/1) D:6

Altars:
Cheibriados
Elyvilon
Hepliaklqana
Okawaru
Qazlal
Vehumet
Xom
Yredelemnul
Zin

Shops:
D:4 *


Innate Abilities, Weirdness & Mutations

You are too large for most types of armour.
You have tough skin. (AC +1)


Message History

You barely miss something. Something hits you!
You miss something. Something hits you but does no damage.
You sock something! Something hits you!
You completely miss something. Something hits you!
You miss something. Something hits you.
* * * LOW HITPOINT WARNING * * *
You completely miss something. Something hits you.
* * * LOW HITPOINT WARNING * * *
You barely miss something. Something completely misses you.
You completely miss something. Something hits you!
* * * LOW HITPOINT WARNING * * *
You miss something. Something hits you.
* * * LOW HITPOINT WARNING * * *
You miss something. Something hits you but does no damage.
It was a potion of curing.
You feel better. Something hits you!
* * * LOW HITPOINT WARNING * * *
It was a potion of brilliance.
You feel clever all of a sudden. Something hits you.
You die...

##.....
#####......
#.##.#........ ###
#.....<.....< #%%
#.........### #.##
#............ #.(#
#.#....##....
#{####............
#@................
######............
#.............
#............#
#......#.....#
#...#.........
##.##...#..##.
#.###..##..## ###
#.......#


There were no monsters in sight!

Vanquished Creatures
  Pikel (D:5)
  Grinder (D:6)
  3 ice beasts
  A slave (D:5)
  A necrophage (D:6)
  3 centaurs
  A scorpion (D:6)
  A howler monkey (D:6)
  A crimson imp (D:5)
  3 orc priests
  2 orc wizards (D:5)
  Crazy Yiuf (D:2)
  An iguana (D:5)
  3 worker ants
  Robin (D:2)
  3 gnolls (D:6)
  5 adders
  A shadow imp (D:6)
  An adder zombie (D:5)
  3 worms
  4 dart slugs
  4 leopard geckos
  22 orcs
  8 giant cockroaches
  7 goblins
  11 hobgoblins
  8 jackals
  7 kobolds
  5 quokkas
  2 ball pythons
  7 bats
  4 frilled lizards
  A leopard gecko skeleton (D:5)
  A quokka skeleton (D:4)
  12 rats
140 creatures vanquished.

Vanquished Creatures (others)
  An adder skeleton (D:5)
1 creature vanquished.

Grand Total: 141 creatures vanquished

Notes
Turn   | Place    | Note
-------+----------+-------------------------------------------
     0 | D:1      | night the Ogre Monk began the quest for the Orb.
     0 | D:1      | Reached XP level 1. HP: 24/24 MP: 1/1
   206 | D:1      | Reached XP level 2. HP: 33/33 MP: 2/2
   783 | D:1      | Reached XP level 3. HP: 36/41 MP: 3/3
  1029 | D:2      | Noticed Robin
  1046 | D:2      | Killed Robin
  1046 | D:2      | Reached skill level 5 in Fighting
  1514 | D:2      | Reached XP level 4. HP: 41/50 MP: 4/4
  1700 | D:2      | Found a white marble altar of Elyvilon.
  2002 | D:2      | Found a runed translucent door.
  2003 | D:2      | Noticed Crazy Yiuf
  2303 | D:2      | Found a snail-covered altar of Cheibriados.
  2307 | D:2      | Found a basalt altar of Yredelemnul.
  2307 | D:2      | Found a stormy altar of Qazlal.
  2307 | D:2      | Found an iron altar of Okawaru.
  2326 | D:2      | Found a glowing silver altar of Zin.
  2329 | D:2      | Found a radiant altar of Vehumet.
  2351 | D:2      | Became a worshipper of Warmaster Okawaru
  2351 | D:2      | Reached * piety under Okawaru
  2351 | D:2      | Reached ** piety under Okawaru
  2498 | D:2      | Killed Crazy Yiuf
  2808 | D:3      | Reached XP level 5. HP: 38/59 MP: 5/5
  3031 | D:3      | Reached skill level 1 in Throwing
  3446 | D:3      | Reached skill level 6 in Fighting
  3453 | D:3      | Reached XP level 6. HP: 15/67 MP: 6/6
  3908 | D:3      | HP: 1/67 [orc/+0 club (3)]
  4981 | D:4      | Found Gawiumnela's General Store.
  5204 | D:5      | Entered Level 5 of the Dungeon
  5343 | D:5      | Noticed a slave
  5343 | D:5      | Noticed a slave
  5343 | D:5      | Noticed a slave
  5345 | D:5      | Noticed Pikel
  5346 | D:5      | Killed a slave
  5347 | D:5      | Noticed a slave
  5369 | D:5      | Killed Pikel
  5369 | D:5      | Reached *** piety under Okawaru
  5369 | D:5      | Reached skill level 7 in Fighting
  5369 | D:5      | Reached XP level 7. HP: 53/78 MP: 7/7
  5482 | D:5      | Received a gift from Okawaru
  5528 | D:5      | Reached XP level 8. HP: 63/87 MP: 8/8
  5780 | D:5      | Found a shimmering altar of Xom.
  6470 | D:5      | Found a hazy altar of Hepliaklqana.
  6782 | D:6      | Reached **** piety under Okawaru
  6782 | D:6      | Reached skill level 8 in Fighting
  7178 | D:6      | Noticed Grinder
  7215 | D:6      | Received a gift from Okawaru
  7222 | D:6      | Killed Grinder
  7348 | D:6      | Found a staircase to the Ecumenical Temple.
  7358 | D:6      | Received a gift from Okawaru
  7358 | D:6      | Reached skill level 5 in Throwing
  7358 | D:6      | Reached XP level 9. HP: 68/96 MP: 9/9
  7739 | D:6      | Reached skill level 9 in Fighting
  7823 | D:7      | HP: 1/98 [something (15)]
  7824 | D:7      | Slain by a spriggan baker

Levels and vault maps discovered:
D:1:      shiori_shiawase, layout_basic, serial_forest,
          infiniplex_forest_lined_room_3, infiniplex_forest_lined_2,
          infiniplex_forest_lined_room_3, infiniplex_forest_end_1,
          infiniplex_forest_clump_long, infiniplex_forest_straight_2,
          infiniplex_forest_lined_2
D:2:      layout_loops_ring, minmay_overflow_temple_hex, elyvilon_altar_5,
          uniq_crazy_yiuf_cottage, uniq_robin
D:3:      cheibrodos_pilgrimage, layout_loops_ring, first_ration,
          bh_walls_and_bars
D:4:      layout_gridville, serial_shops, nicolae_shop_stone
D:5:      layout_basic, kennysheep_mini_moat, tgw_xom, uniq_pikel
D:6:      layout_rooms, minmay_temple_entry_hall, uniq_grinder
D:7:      layout_cave_pools, the_bakery

Skill      XL: |  1  2  3  4  5  6  7  8  9 |
---------------+----------------------------+-----
Maces & Flails | 3 4 6 7 8 |  8.0
Fighting       | 5 6 7 8 9 |  9.0
Throwing       | 1 3 5 |  5.2
Dodging        | |  2.6
Stealth        | |  1.4

Action                   |  1- 3 |  4- 6 |  7- 9 || total
-------------------------+-------+-------+-------++-------
Melee: Mace              |   140 |   206 |   163 ||   509
Throw: Dart              |       |    26 |    32 ||    58
       Javelin           |       |    12 |     4 ||    16
       Stone             |       |     1 |       ||     1
Invok: Heroism           |       |     1 |       ||     1
  Use: Potion            |       |     1 |     2 ||     3
 Stab: Sleeping          |     7 |     4 |     1 ||    12
  Eat: Chunk             |     1 |    12 |     9 ||    22
Armor: Robe              |    53 |    53 |    39 ||   145
Dodge: Dodged            |    98 |   122 |    70 ||   290

Table legend:
 A = Non-vault XP
 B = Vault XP
 C = Vault XP percentage of total XP
 D = Non-vault monster count
 E = Vault monster count
 F = Vault count percentage of total count
                 A         B        C        D         E       F
            +---------+---------+-------+---------+---------+-------
      Total |    1621 |    1066 |  39.7 |     121 |      18 |  12.9
            +---------+---------+-------+---------+---------+-------
        D:1 |      40 |       0 |   0.0 |      23 |       0 |   0.0
        D:2 |      46 |      67 |  59.3 |      24 |       8 |  25.0
        D:3 |     169 |      58 |  25.6 |      38 |       6 |  13.6
        D:4 |      42 |       0 |   0.0 |       6 |       0 |   0.0
        D:5 |     531 |     669 |  55.8 |      16 |       3 |  15.8
        D:6 |     793 |     272 |  25.5 |      14 |       1 |   6.7
            +---------+---------+-------+---------+---------+-------
